 Seeded DCSS version 0.30.1-11-g7821555f0a (webtiles) character file.

Game seed: 8617203140785432855 (custom seed)

10 Psyclone the Conjurer (level 2, 15/15 HPs)
             Began as a Deep Elf Conjurer on Nov 2, 2023.
             Quit the game on level 3 of the Dungeon.
             The game lasted 00:01:35 (350 turns).

Psyclone the Conjurer (Deep Elf Conjurer)            Turns: 350, Time: 00:01:36

Health: 15/15      AC:  2    Str:  4    XL:     2   Next: 10%
Magic:  8/8        EV: 12    Int: 22    God:
Gold:   1010       SH:  0    Dex: 13    Spells: 7/8 levels left

rFire   . . .        c - +0 dagger
rCold   . . .        (no shield)
rNeg    . . .        a - +0 robe
rPois   .            (no helmet)
rElec   .            (no cloak)
rCorr   .            (no gloves)
SInv    .            (no boots)
Will    .....        (no amulet)
Stlth   ++           (no ring)
HPRegen 0.22/turn    (no ring)
MPRegen 0.11/turn

%: no passive effects
@: no status effects
A: no striking features
a: no special abilities


You were on level 3 of the Dungeon.
You visited 1 branch of the dungeon, and saw 3 of its levels.

You collected 1010 gold pieces.

Inventory:

Hand Weapons
 c - a +0 dagger (weapon)
Armour
 a - a +0 robe (worn)
Scrolls
 d - a scroll of identify {unknown}
 e - a scroll of butterflies {unknown}
 f - a scroll of teleportation {unknown}
Potions
 b - a potion of magic


   Skills:
 - Level 2.4 Dodging
 - Level 2.4 Stealth
 + Level 3.5 Spellcasting
 + Level 4.6 Conjurations


You had 7 spell levels left.
You knew the following spells:

 Your Spells              Type           Power      Damage    Failure   Level
a - Magic Dart            Conj           96%        1d7       1%          1

Your spell library contained the following spells:

 Spells                   Type           Power      Damage    Failure   Level
 Searing Ray              Conj           48%        2d6       2%          2
 Dazzling Flash           Conj/Hex       28%        N/A       14%         3
 Fulminant Prism          Conj/Hex       7%         3d6       41%         4
 Iskenderun's Mystic Bla  Conj/Tloc      14%        2d5       41%         4


Dungeon Overview and Level Annotations

Branches:
Dungeon (3/15) Zot: 17651

Altars:


Message History

You kill the endoplasm!
You now have 0/8 mp.
Casting: Magic Dart (safe; 1% risk of failure)
Confirm with . or Enter, or press ? or * to list all spells.
You don't have enough magic to cast this spell.
Unknown command.
Casting: Magic Dart (safe; 1% risk of failure)
Confirm with . or Enter, or press ? or * to list all spells.
You don't have enough magic to cast this spell.
Unknown command.
Casting: Magic Dart (safe; 1% risk of failure)
Confirm with . or Enter, or press ? or * to list all spells.
You don't have enough magic to cast this spell.
Unknown command.
Your magical contamination has completely faded away.
e - a scroll labelled GUM HIARRI
Okay, then.
Found an escape hatch in the ceiling.
Found a stone staircase leading up.
Found an escape hatch in the floor.
Found a chain mail.
Found a scroll labelled AHOTIUPL MUTRE.
You start resting.
Magic restored.
MP restored: 8
There is a stone staircase leading up here.
Found a stone staircase leading up.
You see here a +0 chain mail.
Found a scroll labelled XUEQIE NESUM.
f - a scroll labelled AHOTIUPL MUTRE
Found 6 gold pieces.
Found a runed orb.
g - a scroll labelled XUEQIE NESUM You now have 6 gold pieces.
This is a scroll of acquirement!
Something appears at your feet!
Unknown command.
You now have 1010 gold pieces (gained 1004).
Unknown command.
Unknown command.
Are you sure you want to abandon this character and quit the game? (Confirm with "yes".)

......# #######
##################
..........##<....##
####..............##
...................#
###<...............#
#.............@..#
#..[.............#
#..............[.#
#................#
##..............##
##.....##.....##
##############


There were no monsters in sight!

Vanquished Creatures
  An orc (D:3)
  3 endoplasms (D:3)
  A goblin (D:3)
  A hobgoblin (D:3)
  A ball python (D:2)
  A bat (D:3)
8 creatures vanquished.

Notes
Turn   | Place    | Note
-------+----------+-------------------------------------------
     0 | D:1      | Psyclone the Deep Elf Conjurer began the quest for the Orb.
     0 | D:1      | Reached XP level 1. HP: 10/10 MP: 6/6
   254 | D:3      | Reached XP level 2. HP: 15/15 MP: 1/8
   348 | D:3      | Identified a scroll of acquirement
   348 | D:3      | Acquired 1004 gold pieces
   350 | D:3      | Quit the game

Illustrated notes

Levels and vault maps discovered:
D:1:      dpeg_arrival_stonehenge_12_columns, layout_basic, serial_shops, shop
D:2:      layout_basic, shapermc_ecumenical_altar_ellora, minivault_25,
          uniq_robin, uniq_terence, uniq_jessica
D:3:      layout_rooms, uniq_grinder

Action                     || total
---------------------------++-------
   Cast: Magic Dart        ||    17
    Use: Scroll            ||     1
  Dodge: Dodged            ||     3
